 Dungeon Crawl Stone Soup version 0.19-a0-1714-gcab94ab (webtiles) character file.

77 Vasilisck the Sneak (level 4, 0/31 HPs)
             Began as an Octopode Monk on Sept 28, 2016.
             Succumbed to Ijustatesigmund's ghost's poison
             ... on level 3 of the Dungeon.
             The game lasted 00:02:12 (1302 turns).

Vasilisck the Sneak (Octopode Monk)                 Turns: 1302, Time: 00:02:13

Health: 0/31       AC:  2    Str: 10    XL:     4   Next: 34%
Magic:  4/4        EV: 15    Int: 12    God:
Gold:   92         SH:  0    Dex: 15    Spells: 0 memorised, 3 levels left

rFire  . . .     SeeInvis .       - Unarmed
rCold  + . .     Gourm    .     (no shield)
rNeg   . . .     Faith    .     (helmet restricted)
rPois  .         Spirit   .     (no amulet)
rElec  .         Dismiss  .     f - ring of protection from cold
rCorr  .         Reflect  .     (no ring)
MR     .....     Harm     .     (no ring)
Stlth  ++++......               (no ring)
                                (no ring)
                                (no ring)
                                (no ring)
                                (no ring)

@: lethally poisoned (0 -> -23)
A: almost no armour, stealthy swim, amphibious, 8 rings, constrict 8, camouflage
1, gelatinous body 1
a: no special abilities


You were on level 3 of the Dungeon.
You were not hungry.

You visited 1 branch of the dungeon, and saw 3 of its levels.

You collected 92 gold pieces.

Inventory:

Jewellery
 f - a ring of protection from cold (left tentacle)
Scrolls
 b - a scroll of remove curse {unknown}
 e - 4 scrolls of identify {unknown}
 h - a scroll of fog {unknown}
 k - 2 scrolls of teleportation {unknown}
Potions
 c - a potion of flight {unknown}
 d - a potion of curing {unknown}
 i - a potion of magic {unknown}
Comestibles
 a - 2 bread rations
 g - a meat ration
 j - a beef jerky


   Skills:
 + Level 3.5 Fighting
 + Level 3.6 Dodging
 + Level 3.8 Stealth
 + Level 3.6 Unarmed Combat


You had 3 spell levels left.
You didn't know any spells.

Dungeon Overview and Level Annotations

Branches:
Dungeon (3/15)

Altars:
Okawaru

Annotations:
D:3 Ijustatesigmund's ghost, amateur SpAs


Innate Abilities, Weirdness & Mutations

You cannot wear most types of armour.
You are very stealthy in the water.
You are amphibious.
You can wear up to eight rings at the same time.
You can use your tentacles to constrict eight enemies at once.
Your skin changes colour to match your surroundings (Stealth+).
Your rubbery body absorbs attacks. (AC +1, EV +1)


Message History

You tentacle-slap the adder but do no damage.
Your grab misses the adder. Your squeeze misses the adder.
You feel sick. The adder bites you.
You are lethally poisoned!
The adder poisons you!
Ijustatesigmund's ghost hits you but does no damage.
You are more poisoned.
The adder misses you.
You tentacle-slap the adder. Your grab misses the adder.
The adder is lightly wounded.
You feel sick.
Ijustatesigmund's ghost barely misses you.
The adder bites you.
* * * LOW HITPOINT WARNING * * *
* * * LOW HITPOINT WARNING * * *
You feel sick.
* * * LOW HITPOINT WARNING * * *
You feel sick. Ijustatesigmund's ghost hits you.
* * * LOW HITPOINT WARNING * * *
You die...

#.# #).....# #.#
#......# ##.###......#.
#<............ .#
##.###.####### .#
#.###.....# .#
#...#.###.# .#
######.#.###.####.######
#<.....#>....@.S........
############.##W........
...##.........
######.........
+......... #.........
#......... #.........
#.........


You could see Ijustatesigmund's ghost and an adder.

Vanquished Creatures
  2 adders (D:2)
  An ooze (D:1)
  A worm (D:2)
  2 dart slugs
  A leopard gecko (D:1)
  4 bats
  A giant cockroach (D:1)
  6 goblins
  8 hobgoblins (D:1)
  4 jackals
  9 kobolds
  A quokka (D:3)
  3 frilled lizards
  2 rats
45 creatures vanquished.

Notes
Turn   | Place    | Note
-------+----------+-------------------------------------------
     0 | D:1      | Vasilisck the Octopode Monk began the quest for the Orb.
     0 | D:1      | Reached XP level 1. HP: 16/16 MP: 1/1
   112 | D:1      | Reached XP level 2. HP: 21/21 MP: 2/2
   223 | D:1      | Found an iron altar of Okawaru.
   277 | D:1      | Reached XP level 3. HP: 22/26 MP: 3/3
   857 | D:2      | Reached XP level 4. HP: 29/31 MP: 4/4
  1289 | D:3      | Noticed Ijustatesigmund's ghost (amateur SpAs)
  1302 | D:3      | Succumbed to Ijustatesigmund's ghost's poison

Vault maps used:
D:1:      sevenhm_arrival_forest_fort_small_5, okawaru_ov_weapons_minmay
D:3:      first_bread

Skill      XL: |  1 |
---------------+----+-----
Stealth        | 3 |  3.8
Fighting       | |  3.5
Dodging        | |  3.6
Unarmed Combat | |  3.6

Action                   |  1- 3 |  4- 6 || total
-------------------------+-------+-------++-------
Melee: Unarmed           |    73 |    22 ||    95
       Constrict         |    24 |     6 ||    30
       Tentacles         |    10 |     6 ||    16
       Punch             |       |     1 ||     1
 Stab: Sleeping          |    14 |     5 ||    19
  Eat: Chunk             |       |     1 ||     1
Armor: Skin              |     8 |     1 ||     9
Dodge: Dodged            |    35 |    11 ||    46
